 Dungeon Crawl Stone Soup version 0.25-a0-410-g53dbb631d1 (webtiles) character file.

Game seed: 5255898283032494341, levelgen mode: deterministic

23291 Gargoyl the Corrupter of Planes (level 12, -5/97 HPs)
             Began as a Centaur Abyssal Knight on Jan 11, 2020.
             Was the Champion of Lugonu.
             Slain by a death yak (16 damage)
             ... on level 4 of the Lair of Beasts on Jan 13, 2020.
             The game lasted 00:25:45 (20702 turns).

Gargoyl the Corrupter of Planes (CeAK)             Turns: 20702, Time: 00:25:46

Health: -5/97      AC: 18    Str: 22    XL:     12   Next: 70%
Magic:  21/21      EV:  6    Int: 11    God:    Lugonu [******]
Gold:   729        SH: 15    Dex: 14    Spells: 11/11 levels left

rFire    + . .     SeeInvis .   a - +6 hand axe
rCold    . . .     Gourm    .   n - +0 shield
rNeg     . . .     Faith    .   J - +0 chain mail {rF+}
rPois    +         Spirit   .   (helmet restricted)
rElec    .         Reflect  +   G - -1 cloak
rCorr    .         Harm     .   g - +1 pair of gloves
MR       .....                  y - +0 centaur barding
Stlth    ..........             e - +4 amulet of reflection
HPRegen  0.26/turn              b - +3 ring of dexterity
MPRegen  0.17/turn              s - ring of poison resistance

@: very quick
A: large, antennae 1, hooves 3, deformed body, speed 2, high mp 1, strong 2,
tough skin 3
a: Depart the Abyss, Bend Space, Banish, Corrupt, Enter the Abyss, Brand Weapon
With Distortion, Renounce Religion


You were on level 4 of the Lair of Beasts.
You worshipped Lugonu.
Lugonu was exalted by your worship.
You were not hungry.

You visited 2 branches of the dungeon, and saw 15 of its levels.
You visited the Abyss 1 time.
You also visited: Ossuary and Bailey.

You collected 969 gold pieces.
You spent 240 gold pieces at shops.

Inventory:

Hand Weapons
 a - a +6 hand axe (weapon)
 q - the +1 long sword of Bankruptcy {slice, rElec rC+ Stlth+}
   (You found it on level 4 of the Dungeon)

   It inflicts extra damage upon your enemies.
   It protects you from cold.
   It insulates you from electricity.
   It makes you more stealthy.
Missiles
 z - 4 javelins (quivered)
Armour
 g - a +1 pair of gloves (worn)
 n - a +0 shield (worn)
 t - a +0 plate armour
 y - a +0 centaur barding (worn)
 G - a -1 cloak (worn)
 J - a +0 chain mail of fire resistance (worn)
Jewellery
 b - a +3 ring of dexterity (left hand)
 e - a +4 amulet of reflection (around neck)
 j - an uncursed ring of positive energy
 s - a ring of poison resistance (right hand)
 E - a +5 ring of strength
 N - an uncursed amulet of the acrobat {unknown}
Wands
 w - a wand of enslavement (6)
 x - a wand of digging (6)
 B - a wand of polymorph (9)
 C - a wand of disintegration (16)
 H - a wand of flame (20)
Scrolls
 d - 6 scrolls of remove curse
 f - a scroll of fog
 h - 3 scrolls of fear
 o - 6 scrolls of identify
 u - 9 scrolls of teleportation
 F - a scroll of blinking
 I - a scroll of enchant armour {unknown}
 K - a scroll of magic mapping
 L - a scroll of vulnerability {unknown}
 M - a scroll of enchant weapon
Potions
 i - 6 potions of curing
 k - 3 potions of might
 l - a potion of heal wounds
 m - 5 potions of brilliance
 p - 2 potions of ambrosia
 r - a potion of magic
 v - 3 potions of flight
 A - a potion of haste
 D - 2 potions of agility
Comestibles
 c - 23 rations
 O - a chunk of flesh


   Skills:
 + Level 6.8 Fighting
 + Level 9.4 Axes
 + Level 2.1 Throwing
 * Level 8.4 Armour
 * Level 6.4 Dodging
 + Level 6.3 Shields
 * Level 9.7 Invocations


You had 11 spell levels left.
You didn't know any spells.
Your spell library contained the following spells:

 Spells                   Type           Power        Failure   Level  Hunger
 Cause Fear               Hex            #.........   100%        4    #####..
 Silence                  Hex/Air        #.........   100%        5    ######.
 Yara's Violent Unravell  Hex/Tmut       #.........   100%        5    ######.
 Deflect Missiles         Chrm/Air       #.........   100%        6    #######
 Discord                  Hex            #.........   100%        8    #######


Dungeon Overview and Level Annotations

Branches:
Dungeon (11/15)            Temple (0/1) D:5            Lair (4/6) D:11
Ossuary (visited)          Bailey (visited)
  Swamp: Lair:2-4    Shoals: Lair:2-4     Snake: Lair:2-4    Spider: Lair:2-4
    Orc: D:9-12

Altars:
Ashenzari
Cheibriados
Trog
Vehumet
Xom
Yredelemnul

Shops:
D:6 =*


Innate Abilities, Weirdness & Mutations

You have hooves in place of feet.
Armour fits poorly on your strangely shaped body.
You cover ground very quickly.
You have extremely tough skin. (AC +3)
You have a pair of small antennae on your head.
You have an increased reservoir of magic. (+10% MP)
Your muscles are very strong. (Str +4)


Message History

You kick the death yak, but do no damage.
The death yak is severely wounded.
The death yak closely misses you.
You barely miss the death yak.
The death yak is severely wounded.
The death yak gores you!
* * * LOW HITPOINT WARNING * * *
You hit the death yak but do no damage. You kick the death yak!
The death yak is severely wounded.
The death yak gores you!
* * * LOW HITPOINT WARNING * * *
You slash the death yak!
The death yak is almost dead.
Your chain mail prevents you from hitting the death yak.
The death yak is almost dead.
The death yak gores you but does no damage.
You hit the death yak but do no damage. Your kick misses the death yak.
The death yak is almost dead.
The death yak gores you!
You die...

.
#..................##.....
##.....<...........# #..#.
#.....##...###....# #...
#......#≈.### .....# ...
##...P≈PP....##....## ....
.....PP≈≈.... #....P##..
≈..≈PPP≈P...>##.....#...
.PPP≈♣≈≈.P...YY#....≈....
PPP♣≈≈≈PPP.....#@...≈≈≈.≈≈
≈≈♣≈≈≈P.P#P....#...≈≈≈≈.≈≈
≈ ...##.#..#..≈≈≈##+## ≈
............÷≈##
............≈≈#
............≈≈#
............≈≈#
P≈.P........≈≈##
≈≈≈PP.......≈≈≈#####≈


You could see 2 death yaks.

Vanquished Creatures
  A death yak (Lair:3)
  3 cyclopes (D:11)
  A black mamba (Lair:3)
  A gargoyle (D:10)
  8 spiny frogs
  Psyche (D:8)
  5 torpor snails (Lair:3)
  2 centaur skeletons
  A komodo dragon (Lair:2)
  A hornet (D:10)
  A merfolk (D:11)
  3 blink frogs (Lair:3)
  4 hippogriffs
  A wyvern (Lair:3)
  27 yaks
  A hungry ghost (D:7)
  Grum (D:8)
  3 wargs (D:11)
  8 water moccasins
  9 porcupines
  3 orc warriors
  3 phantoms
  A sky beast (D:10)
  3 black bears
  3 ogres
  8 wolves
  4 centaurs
  4 crocodiles
  2 big kobolds
  14 bullfrogs
  3 gnoll sergeants (Bailey)
  2 water moccasin zombies (Ossuary)
  A water moccasin skeleton (D:6)
  6 scorpions
  16 killer bees
  6 wights
  A howler monkey (D:4)
  An electric eel (Lair:4)
  A bullfrog zombie (D:6)
  2 crimson imps
  A centaur zombie (D:6)
  A bullfrog skeleton (D:5)
  8 hounds
  3 jellies
  3 orc priests
  2 gnoll shamans
  6 iguanas
  11 orc wizards
  10 worker ants
  A killer bee zombie (D:7)
  8 big kobold zombies (Ossuary)
  2 hound skeletons
  2 hound zombies (D:6)
  2 mummies (Ossuary)
  2 worker ant zombies
  13 adders
  13 gnolls
  2 shadow imps
  An ooze (D:4)
  7 adder zombies
  4 adder skeletons
  2 worms (D:2)
  A dart slug (D:1)
  8 leopard geckos
  35 orcs
  4 ball pythons
  12 bats
  3 giant cockroaches
  A gnoll zombie (Ossuary)
  7 goblins
  8 hobgoblins
  2 jackals (D:8)
  7 quokkas
  2 frilled lizards
  A goblin zombie (D:6)
  4 hobgoblin zombies (Ossuary)
  18 kobolds
  2 kobold zombies (Ossuary)
  A leopard gecko skeleton (D:4)
  5 orc zombies (Ossuary)
  A quokka zombie (D:6)
  7 rats
  A plant (Lair:3)
400 creatures vanquished.

Vanquished Creatures (others)
  2 hydras
  A two-headed ogre (D:8)
  A gargoyle (D:11)
  A worker ant (D:5)
  4 fungi
9 creatures vanquished.

Grand Total: 409 creatures vanquished

Notes
Turn   | Place    | Note
-------+----------+-------------------------------------------
     0 | Abyss:1  | Gargoyl the Centaur Abyssal Knight began the quest for the
                  | Orb.
     0 | Abyss:1  | Reached XP level 1. HP: 19/19 MP: 2/2
    70 | Abyss:1  | Noticed a large abomination
    89 | Abyss:1  | Noticed a chaos spawn
    93 | Abyss:1  | Noticed a small abomination
   115 | Abyss:1  | Noticed a worldbinder
   118 | Abyss:1  | Noticed a spiny frog
   118 | Abyss:1  | Noticed a blink frog
   119 | Abyss:1  | Noticed a blink frog
   120 | D:1      | Escaped the Abyss
   200 | D:1      | Reached XP level 2. HP: 25/26 MP: 3/3
   201 | D:1      | Reached * piety under Lugonu
   646 | D:1      | Reached skill level 1 in Dodging
  1052 | D:2      | Reached XP level 3. HP: 31/31 MP: 4/4
  2247 | D:2      | Reached XP level 4. HP: 36/39 MP: 5/5
  2279 | D:2      | Reached ** piety under Lugonu
  2962 | D:4      | Reached XP level 5. HP: 42/46 MP: 7/7
  3396 | D:4      | Reached XP level 6. HP: 52/52 MP: 8/8
  3608 | D:4      | Got a transparent long sword
  3609 | D:4      | Identified the cursed +1 long sword of Bankruptcy {slice,
                  | rElec rC+ Stlth+} (You found it on level 4 of the Dungeon)
  3705 | D:5      | Entered Level 5 of the Dungeon
  3755 | D:4      | Reached skill level 1 in Shields
  3783 | D:4      | Reached XP level 7. HP: 40/59 MP: 9/9
  4105 | D:4      | Reached *** piety under Lugonu
  5183 | D:5      | Gained mutation: You have an increased reservoir of magic.
                  | (+10% MP) [potion of mutation]
  5183 | D:5      | Gained mutation: Your muscles are strong. (Str +2) [potion
                  | of mutation]
  5183 | D:5      | Gained mutation: Your muscles are very strong. (Str +4)
                  | [potion of mutation]
  5183 | D:5      | Gained mutation: You have a pair of small antennae on your
                  | head. [potion of mutation]
  5347 | D:5      | Found a staircase to the Ecumenical Temple.
  5549 | D:6      | Found Teintoid's Serpentskin Sales.
  5553 | D:6      | Found a sand-covered staircase.
  5560 | Ossuary  | Entered an ossuary
  5675 | Ossuary  | Reached XP level 8. HP: 56/66 MP: 12/12
  6067 | D:6      | Reached skill level 5 in Axes
  6283 | D:6      | Bought an uncursed ring of poison resistance for 240 gold
                  | pieces
  6437 | D:6      | Reached skill level 5 in Invocations
  6498 | D:6      | Reached **** piety under Lugonu
  6714 | D:6      | Found a shimmering altar of Xom.
  6863 | D:6      | Reached XP level 9. HP: 69/72 MP: 14/14
  6966 | D:6      | Found Kumoypn's Jewellery Shop.
  7158 | D:7      | Found a bloodstained altar of Trog.
  7512 | D:7      | Found a radiant altar of Vehumet.
  7570 | D:7      | Found a shattered altar of Ashenzari.
  7730 | D:7      | Reached skill level 5 in Armour
  8369 | D:8      | Noticed a two-headed ogre
  8378 | D:8      | Noticed Grum
  8382 | D:8      | Banished a two-headed ogre
  8624 | D:8      | Killed Grum
  8823 | D:8      | Reached XP level 10. HP: 80/80 MP: 16/16
  8833 | D:8      | Noticed Psyche
  8843 | D:8      | Killed Psyche
  8843 | D:8      | Reached skill level 5 in Fighting
  9423 | D:8      | Reached ***** piety under Lugonu
 11016 | D:10     | Entered Level 10 of the Dungeon
 11046 | D:10     | Reached skill level 5 in Dodging
 11387 | D:10     | Noticed a gargoyle
 11727 | D:10     | Reached XP level 11. HP: 80/88 MP: 18/18
 12300 | D:10     | Paralysed by a hornet for 3 turns
 12309 | D:10     | Reached skill level 5 in Shields
 13412 | D:11     | Found a basalt altar of Yredelemnul.
 13447 | D:11     | Found a flagged portal.
 13460 | Bailey   | Entered a bailey
 14679 | D:11     | Reached ****** piety under Lugonu
 15207 | D:11     | Found a staircase to the Lair.
 15420 | Lair:1   | Entered Level 1 of the Lair of Beasts
 15420 | Lair:1   | Noticed a four-headed hydra
 15422 | Lair:1   | Banished a four-headed hydra
 15451 | Lair:1   | Upgraded the game from 0.25-a0-404-gc1b5a34292 to
                  | 0.25-a0-410-g53dbb631d1
 16817 | Lair:2   | Reached skill level 1 in Throwing
 16817 | Lair:2   | Reached XP level 12. HP: 96/96 MP: 20/20
 18067 | Lair:3   | Noticed a five-headed hydra
 18077 | Lair:3   | Banished a five-headed hydra
 18368 | Lair:3   | Found a snail-covered altar of Cheibriados.
 18791 | Lair:3   | Got a pair of bloodstained gloves
 18802 | Lair:3   | Identified the cursed +0 pair of gloves of Vosedd {Int+4}
                  | (You found it on level 3 of the Lair of Beasts)
 20024 | Lair:4   | Noticed a death yak
 20028 | Lair:4   | Noticed a death yak
 20029 | Lair:4   | Noticed a death yak
 20031 | Lair:4   | Noticed a death yak
 20179 | Lair:3   | Killed a death yak
 20702 | Lair:4   | Slain by a death yak

Levels and vault maps discovered:
D:1:      psy_arrival_radial02, layout_loops_ring
D:2:      layout_loops_corners
D:3:      layout_rooms, kennysheep_generic_room_10
D:4:      layout_rooms
D:5:      layout_cave_pools, minmay_temple_entry_poolview, first_ration
D:6:      layout_basic, enter_ossuary_4, basic_altar, serial_shops,
          nicolae_shop_behind_doors, serial_bayou_pond_c,
          kennysheep_cross_bottleneck, chequers_jeans, guppyfry_shop_venom
D:7:      layout_gridville, kennysheep_mini_moat, kennysheep_little_box,
          basic_altar
D:8:      layout_basic, uniq_psyche, uniq_grum
D:9:      layout_loops_corners
D:10:     layout_rooms
D:11:     layout_roguey, erik_lair_orcish_takeover, enter_bailey_3, basic_altar,
          hangedman_fish_farm
Lair:1:   layout_hall_layers, grunt_megastairs_2
Lair:2:   layout_loops_ring, beast_lair_carwin_3
Lair:3:   layout_layer_cave, kennysheep_snail_temple
Lair:4:   layout_regular_city, minmay_shoals_entry_hut,
          nicolae_spider_entry_tight_spaces, serial_bayou, serial_bayou_shore_b,
          serial_bayou_shore_a, serial_bayou_lagoon_a, serial_bayou_lake_a,
          serial_bayou_shore_b

Skill      XL: |  1  2  3  4  5  6  7  8  9 10 11 12 |
---------------+-------------------------------------+-----
Axes           | 2 3 4 5 6 7 8 9 |  9.4
Dodging        | 1 2 3 4 5 6 |  6.4
Armour         | 2 3 4 5 6 7 8 |  8.4
Invocations    | 3 4 5 6 7 8 9 |  9.7
Shields        | 1 2 3 4 5 6 |  6.3
Fighting       | 4 5 6 |  6.8
Throwing       | 1 2 |  2.1

Action                   |  1- 3 |  4- 6 |  7- 9 | 10-12 || total
-------------------------+-------+-------+-------+-------++-------
Melee: Hand axe          |   109 |   144 |   476 |  1004 ||  1733
       Kick              |    16 |    35 |   173 |   392 ||   616
Throw: Javelin           |       |       |       |    49 ||    49
Invok: Depart the Abyss  |     1 |       |       |       ||     1
       Banish            |       |       |     2 |     3 ||     5
  Use: Scroll            |     7 |     2 |    13 |    11 ||    33
       Potion            |       |       |     2 |     4 ||     6
 Stab: Invisible         |       |       |     2 |     1 ||     3
  Eat: Chunk             |     3 |     4 |    10 |    21 ||    38
       Ration            |       |       |     2 |     4 ||     6
Armor: Leather armour    |    55 |       |       |       ||    55
       Ring mail         |    24 |    13 |       |       ||    37
       Chain mail        |       |    71 |    91 |   124 ||   286
       Plate armour      |       |       |   177 |   370 ||   547
Dodge: Dodged            |    70 |    24 |    37 |   125 ||   256
Block: Other             |    23 |    10 |       |       ||    33
       Shield            |       |    58 |   336 |   696 ||  1090
       Reflection        |       |       |     5 |    11 ||    16

Table legend:
 A = Non-vault XP
 B = Vault XP
 C = Vault XP percentage of total XP
 D = Non-vault monster count
 E = Vault monster count
 F = Vault count percentage of total count
                 A         B        C        D         E       F
            +---------+---------+-------+---------+---------+-------
      Total |   27337 |    5937 |  17.8 |     330 |      74 |  18.3
            +---------+---------+-------+---------+---------+-------
        D:1 |      38 |       0 |   0.0 |      23 |       0 |   0.0
        D:2 |      96 |       0 |   0.0 |      29 |       0 |   0.0
        D:3 |      47 |       0 |   0.0 |      13 |       0 |   0.0
        D:4 |     982 |       0 |   0.0 |      28 |       0 |   0.0
        D:5 |     196 |       0 |   0.0 |      12 |       0 |   0.0
        D:6 |     590 |     460 |  43.8 |      16 |       6 |  27.3
        D:7 |    1308 |     230 |  15.0 |      31 |       2 |   6.1
        D:8 |    1539 |     695 |  31.1 |      30 |       3 |   9.1
        D:9 |    1935 |       0 |   0.0 |      25 |       0 |   0.0
       D:10 |    4409 |       0 |   0.0 |      40 |       0 |   0.0
       D:11 |    3927 |     917 |  18.9 |      29 |      13 |  31.0
     Lair:1 |    1833 |     153 |   7.7 |       7 |       1 |  12.5
     Lair:2 |    4269 |     496 |  10.4 |      23 |       4 |  14.8
     Lair:3 |    4871 |    2103 |  30.2 |      18 |       5 |  21.7
     Lair:4 |    1297 |       0 |   0.0 |       6 |       0 |   0.0
    Ossuary |       0 |     428 | 100.0 |       0 |      29 | 100.0
     Bailey |       0 |     455 | 100.0 |       0 |      11 | 100.0
            +---------+---------+-------+---------+---------+-------
